 Dungeon Crawl Stone Soup version 0.24-b1-30-g840c9efd86 (webtiles) character file.

Game seed: 4327989558931926447, levelgen mode: deterministic

123 Esekla the Magician (level 4, 0/24 HPs)
             Began as a Deep Elf Wizard on Oct 23, 2019.
             Slain by a bullfrog (3 damage)
             ... on level 6 of the Dungeon.
             The game lasted 00:18:47 (2530 turns).

Esekla the Magician (Deep Elf Wizard)               Turns: 2530, Time: 00:18:47

Health: 0/24       AC:  5    Str:  5    XL:     4   Next: 79%
Magic:  3/13       EV: 13    Int: 23    God:
Gold:   61         SH:  0    Dex: 13    Spells: 5/14 levels left

rFire    . . .     SeeInvis .   h - +0 dagger
rCold    . . .     Gourm    .   (no shield)
rNeg     . . .     Faith    .   q - +0 robe (curse)
rPois    .         Spirit   .   b - +0 hat
rElec    .         Reflect  .   (no cloak)
rCorr    .         Harm     .   p - +2 pair of gloves
MR       .....                  (no boots)
Stlth    ++........             (no amulet)
HPRegen  0.08/turn              (no ring)
MPRegen  0.13/turn              (no ring)

@: no status effects
A: no striking features
a: no special abilities


You were on level 6 of the Dungeon.
You were hungry.

You visited 1 branch of the dungeon, and saw 6 of its levels.

You collected 61 gold pieces.

Inventory:

Hand Weapons
 h - a +0 dagger (weapon)
Missiles
 c - 26 poisoned darts (quivered)
Armour
 b - a +0 hat (worn)
 m - a +0 buckler
 p - a +2 pair of gloves (worn)
 q - a cursed +0 robe (worn)
Jewellery
 o - an uncursed amulet of faith
Wands
 a - a wand of disintegration (17)
Scrolls
 j - 2 scrolls of identify
 n - 2 scrolls of remove curse
 r - a scroll of enchant weapon {unknown}
Potions
 e - a potion of heal wounds {unknown}
 f - 2 potions of flight {unknown}
 g - 3 potions of curing
 k - a potion of resistance {unknown}
Comestibles
 d - 5 rations


   Skills:
 + Level 2.7 Dodging
 + Level 2.7 Stealth
 + Level 5.9 Spellcasting
 * Level 3.0 Conjurations
   Level 1.1 Summonings
 * Level 1.7 Translocations
 * Level 0.3 Air Magic
 * Level 1.0 Poison Magic


You had 5 spell levels left.
You knew the following spells:

 Your Spells              Type           Power        Failure   Level  Hunger
a - Magic Dart            Conj           ###.         2%          1    None
b - Blink                 Tloc           N/A          6%          2    None
c - Mephitic Cloud        Conj/Pois/Air  ##......     14%         3    #......
f - Conjure Flame         Conj/Fire      ##......     14%         3    #......

Your spell library contained the following spells:

 Spells                   Type           Power        Failure   Level  Hunger
 Call Imp                 Summ           ##......     9%          2    None
 Slow                     Hex            #.......     13%         2    None


Dungeon Overview and Level Annotations

Branches:
Dungeon (6/15)
 Temple: D:4-7

Altars:
Cheibriados
Xom

Annotations:
D:5 Prince Ribbit


Message History

Casting: Blink (safe; 6% risk of failure)
Confirm with . or Enter, or press ? or * to list all spells.
You don't have enough magic to cast that spell.
A bullfrog comes into view.
A black bear comes into view.
The black bear growls angrily.
Found a snail-covered altar of Cheibriados.
As you read the scroll labeled DIBACL YZUIMNO, it crumbles to dust.
It is a scroll of identify.
g - 3 potions of curing The bullfrog gives a loud, deep croak!
As you read the scroll labeled WOHAOH BIAJA, it crumbles to dust.
The creatures around you are filled with an inner flame!
It was a scroll of immolation.
The bullfrog barely misses you. The bullfrog hits you.
* * * LOW HITPOINT WARNING * * *
As you read the scroll labeled AFYONI OJEUGYIHIX, it crumbles to dust.
You smell rotten fruit.
It was a scroll of random uselessness.
The bullfrog hits you.
You die...

#############
#....oZ.n...#
#.#########Z#
#.# #n# #Z#
#@# #o# #F#
#.# h.# #.#
.#.# #.#
._..#
######.# .#
### ...o...#
#. ######## #
.#


You could see a black bear (inner flame), a necrophage (inner flame), a bullfrog
(inner flame) and a hound zombie (inner flame).

Vanquished Creatures
  4 gnolls (D:3)
  4 adders
  A shadow imp (D:5)
  A dart slug (D:1)
  A leopard gecko (D:2)
  An orc (D:4)
  A ball python (D:2)
  4 goblins
  8 hobgoblins
  3 kobolds
  3 bats
  4 frilled lizards
  7 rats
42 creatures vanquished.

Notes
Turn   | Place    | Note
-------+----------+-------------------------------------------
     0 | D:1      | Esekla the Deep Elf Wizard began the quest for the Orb.
     0 | D:1      | Reached XP level 1. HP: 10/10 MP: 7/7
   582 | D:2      | Reached XP level 2. HP: 15/15 MP: 5/9
   591 | D:2      | Learned a level 2 spell: Blink
   735 | D:2      | Reached skill level 5 in Spellcasting
   827 | D:2      | Reached XP level 3. HP: 19/19 MP: 7/11
   832 | D:2      | Learned a level 3 spell: Mephitic Cloud
   836 | D:2      | Learned a level 3 spell: Conjure Flame
  1540 | D:3      | Found a shimmering altar of Xom.
  1602 | D:3      | Reached XP level 4. HP: 24/24 MP: 11/13
  2221 | D:3      | Reached skill level 1 in Poison Magic
  2413 | D:5      | Entered Level 5 of the Dungeon
  2476 | D:5      | Noticed Prince Ribbit
  2494 | D:6      | Noticed a necrophage
  2494 | D:6      | Noticed an orc warrior
  2526 | D:6      | Noticed a bullfrog
  2527 | D:6      | Found a snail-covered altar of Cheibriados.
  2527 | D:6      | Noticed a black bear
  2530 | D:6      | Slain by a bullfrog

Skill      XL: |  1  2  3  4 |
---------------+-------------+-----
Spellcasting   | 5 |  5.9
Conjurations   | 2 3 |  3.0
Poison Magic   | 1 |  1.0
Dodging        | |  2.7
Stealth        | |  2.7
Summonings     | |  1.1
Translocations | |  1.7
Air Magic      | |  0.3

Action                   |  1- 3 |  4- 6 || total
-------------------------+-------+-------++-------
Melee: Dagger            |     8 |     6 ||    14
Throw: Dart              |     1 |    17 ||    18
 Cast: Magic Dart        |    56 |    30 ||    86
       Conjure Flame     |       |     4 ||     4
       Blink             |       |     4 ||     4
  Use: Scroll            |     3 |     3 ||     6
 Stab: Sleeping          |     4 |     2 ||     6
  Eat: Chunk             |     2 |     2 ||     4
Armor: Robe              |     3 |     5 ||     8
Dodge: Dodged            |    21 |     8 ||    29
